 Dungeon Crawl Stone Soup version 0.21.1-1-g345015f (webtiles) character file.

308 Kagorn the Skirmisher (level 6, 0/40 HPs)
             Began as a Gargoyle Berserker on June 11, 2018.
             Was a Believer of Trog.
             Slain by Babolexy's ghost (4 damage)
             ... on level 4 of the Dungeon.
             The game lasted 00:23:38 (3068 turns).

Kagorn the Skirmisher (Gargoyle Berserker)          Turns: 3068, Time: 00:23:39

Health: 0/40       AC: 15    Str: 21    XL:     6   Next: 40%
Magic:  6/6        EV: 12    Int:  8    God:    Trog [**....]
Gold:   236        SH:  0    Dex: 10    Spells: 5/5 levels left

rFire    . . .     SeeInvis .   l - +1 falchion (protect)
rCold    . . .     Gourm    .   (no shield)
rNeg     + . .     Faith    .   m - +0 leather armour (curse)
rPois    ∞         Spirit   .   (no helmet)
rElec    +         Reflect  .   j - +0 cloak
rCorr    .         Harm     +   (no gloves)
MR       ++...                  (no boots)
Stlth    ..........             k - amulet of harm
HPRegen  1.13/turn              s - ring of loudness (curse)
MPRegen  0.10/turn              (no ring)

@: protection aura, berserk cooldown, regenerating, hasted and slowed
A: negative energy resistance 1, electricity resistance, unbreathing,
petrification resistance, rot immunity, AC +4
a: Berserk, Trog's Hand, Burn Spellbooks, Renounce Religion


You were on level 4 of the Dungeon.
You worshipped Trog.
Trog was pleased with you.
You were not hungry.

You visited 1 branch of the dungeon, and saw 4 of its levels.

You collected 236 gold pieces.

Inventory:

Hand Weapons
 b - a +0 dagger
 h - a +3 quarterstaff of chaos
 l - a +1 falchion of protection (weapon)
 o - a +2 short sword of draining
 q - a +2 dagger of protection
 r - a +0 halberd
 u - a +3 dagger
Missiles
 v - a throwing net (quivered)
Armour
 f - a +1 crystal plate armour
 j - a +0 cloak (worn)
 m - a cursed +0 leather armour (worn)
Jewellery
 k - an amulet of harm (around neck)
 s - a cursed ring of loudness (left hand)
 t - a +3 ring of strength {unknown}
 y - an uncursed amulet of magic regeneration {unknown}
Scrolls
 e - 2 scrolls of fog
 w - a scroll of random uselessness {unknown}
 z - a scroll of enchant weapon
 A - a scroll of identify
Potions
 a - a potion of haste
 d - a potion of lignification {unknown}
 g - a potion of heal wounds
 i - a potion of brilliance {unknown}
 n - a potion of cancellation {unknown}
 p - a potion of magic {unknown}
 x - a potion of mutation {unknown}
Comestibles
 c - 3 rations


   Skills:
 * Level 5.0 Fighting
 - Level 1.3(1.7) Short Blades
 * Level 1.4(1.7) Long Blades
   Level 3.8 Maces & Flails
 + Level 3.2 Armour
 + Level 2.3 Dodging
 + Level 2.0 Stealth


You had 5 spell levels left.
You didn't know any spells.

Dungeon Overview and Level Annotations

Branches:
Dungeon (4/15)             Temple (0/1) D:4

Altars:
Ashenzari
Gozag
Nemelex Xobeh

Annotations:
D:4 Babolexy's ghost, amateur HOGl


Innate Abilities, Weirdness & Mutations

You are resistant to torment.
Your stone body is resilient. (AC +4)
You are immune to poison.
You resist negative energy. (rN+)
You are resistant to electric shocks. (rElec)
You can survive without breathing.
You are immune to petrification.
You are immune to rotting.


Message History

Babolexy's ghost is severely damaged.
You completely miss Babolexy's ghost.
Babolexy's ghost is severely damaged.
Babolexy's ghost hits you but does no damage.
You hit Babolexy's ghost but do no damage.
Babolexy's ghost is severely damaged.
Babolexy's ghost hits you.
* * * LOW HITPOINT WARNING * * *
Your skin crawls.
You feel resistant to hostile enchantments.
You feel somewhat more hungry. Babolexy's ghost hits you!
* * * LOW HITPOINT WARNING * * *
You closely miss Babolexy's ghost.
Babolexy's ghost is severely damaged.
Babolexy's ghost hits you but does no damage.
Babolexy's ghost barely misses you.
You closely miss Babolexy's ghost.
Babolexy's ghost is severely damaged.
Babolexy's ghost hits you.
You die...

#.. ##............. #.
#.............. .#
#.............. .#
##.............. .##
#......?........ ..###
##...............
....####.........W......
......##........@.......
....#.............######
....####......$####
.....# ###...### .....#
##..# .....# #..# .....#
#..# ....## ####..#
...## ##.....#


You could see Babolexy's ghost.

Vanquished Creatures
  A bullfrog skeleton (D:4)
  Crazy Yiuf (D:2)
  An iguana (D:4)
  Terence (D:3)
  An orc wizard (D:4)
  A hound skeleton (D:4)
  7 adders
  2 oozes
  3 worms
  5 dart slugs
  4 leopard geckos
  3 orcs
  7 bats
  4 giant cockroaches
  6 goblins
  5 hobgoblins
  3 jackals (D:4)
  3 kobolds
  3 quokkas
  5 frilled lizards
  A jackal skeleton (D:4)
  6 rats
73 creatures vanquished.

Notes
Turn   | Place    | Note
-------+----------+-------------------------------------------
     0 | D:1      | Kagorn the Gargoyle Berserker began the quest for the Orb.
     0 | D:1      | Reached XP level 1. HP: 14/14 MP: 1/1
   127 | D:1      | Reached XP level 2. HP: 19/19 MP: 2/2
   316 | D:1      | Reached XP level 3. HP: 14/24 MP: 3/3
   785 | D:2      | Found a runed door.
   792 | D:2      | Noticed Crazy Yiuf
   802 | D:2      | Killed Crazy Yiuf
   802 | D:2      | Reached skill level 4 in Fighting
   802 | D:2      | Reached XP level 4. HP: 23/29 MP: 4/4
   872 | D:2      | Reached ** piety under Trog
   891 | D:2      | Reached skill level 1 in Stealth
  1023 | D:2      | Found a sparkling altar of Nemelex Xobeh.
  1332 | D:2      | Reached skill level 1 in Short Blades
  1385 | D:2      | Reached XP level 5. HP: 23/34 MP: 5/5
  1987 | D:3      | Found an opulent altar of Gozag.
  1987 | D:3      | Found a shattered altar of Ashenzari.
  2086 | D:3      | Found a faded altar of an unknown god.
  2327 | D:3      | Noticed Terence
  2351 | D:3      | Killed Terence
  2485 | D:4      | Reached XP level 6. HP: 40/40 MP: 6/6
  2654 | D:4      | Reached skill level 1 in Long Blades
  2774 | D:4      | Found a staircase to the Ecumenical Temple.
  3041 | D:4      | Reached skill level 5 in Fighting
  3046 | D:4      | Noticed Babolexy's ghost (amateur HOGl)
  3066 | D:4      | HP: 1/40 [Babolexy's ghost (12)]
  3068 | D:4      | Slain by Babolexy's ghost

Skill      XL: |  1  2  3  4  5  6 |
---------------+-------------------+-----
Fighting       | 4 5 |  5.0
Stealth        | 1 2 |  2.0
Dodging        | 2 |  2.3
Short Blades   | 1 |  1.3
Armour         | 3 |  3.2
Long Blades    | 1 |  1.4
Maces & Flails | |  3.8

Action                   |  1- 3 |  4- 6 || total
-------------------------+-------+-------++-------
Melee: Mace              |    15 |       ||    15
       Dagger            |    72 |   256 ||   328
       Falchion          |       |   124 ||   124
Invok: Berserk           |     1 |     2 ||     3
       Trog's Hand       |       |     3 ||     3
  Use: Scroll            |     3 |     4 ||     7
       Potion            |       |     2 ||     2
  Eat: Chunk             |       |     2 ||     2
       Ration            |       |     3 ||     3
Armor: Animal skin       |     9 |       ||     9
       Crystal plate arm |   105 |   378 ||   483
       Leather armour    |       |    52 ||    52
Dodge: Dodged            |    23 |   149 ||   172
       Rpst.: Falchion   |       |    18 ||    18
